 Dungeon Crawl Stone Soup version 0.22-a0-565-gfc6459a (webtiles) character file.

31728 Amnesiac the Nimble (level 13, 0/69 HPs)
             Began as a Spriggan Fighter on June 28, 2018.
             Was an Initiate of Gozag.
             Slain by a chaos spawn (7 damage)
             ... summoned by a kobold demonologist
             ... on level 13 of the Dungeon.
             The game lasted 00:53:51 (27309 turns).

Amnesiac the Nimble (Spriggan Fighter)             Turns: 27309, Time: 00:53:52

Health: 0/69       AC:  0    Str: 16    XL:     13   Next: 27%
Magic:  20/20      EV: 19    Int: 10    God:    Gozag
Gold:   4558       SH: 12    Dex: 16    Spells: 6/12 levels left

rFire    . . .     SeeInvis +   a - +1 dagger (drain)
rCold    . . .     Gourm    .   c - +1 buckler
rNeg     . . .     Faith    .   k - +1 storm dragon scales
rPois    +         Spirit   .   u - +1 hat
rElec    +         Reflect  +   m - +2 cloak
rCorr    .         Harm     .   (gloves unavailable)
MR       ++...                  (boots unavailable)
Stlth    +.........             I - +3 amulet of reflection
HPRegen  0.21/turn              E - ring of wizardry
MPRegen  0.17/turn              n - ring of poison resistance

@: corroded, very quick
A: very small, unfitting armour, horns 1, see invisible, herbivore, speed 3,
slow metabolism 2, subdued magic 1
a: Potion Petition, Call Merchant, Bribe Branch, Renounce Religion


You were on level 13 of the Dungeon.
You worshipped Gozag.
Gozag was most pleased with you.
You were not hungry.

You visited 3 branches of the dungeon, and saw 17 of its levels.
You also visited: Ossuary.

You collected 5286 gold pieces.
You spent 627 gold pieces at shops.
You paid 101 gold pieces to Gozag.

Inventory:

Hand Weapons
 a - a +1 dagger of draining (weapon)
 b - a +1 dagger of speed
 w - a +2 dagger of venom
Armour
 c - a +1 buckler (worn)
 k - +1 storm dragon scales (worn)
 m - a +2 cloak (worn)
 u - a +1 hat (worn)
Jewellery
 n - a ring of poison resistance (right hand)
 E - a ring of wizardry (left hand)
 H - an uncursed ring of fire
 I - a +3 amulet of reflection (around neck)
 K - an uncursed ring of ice
Wands
 O - a wand of enslavement (5)
Scrolls
 e - 7 scrolls of teleportation {!r}
 p - 3 scrolls of enchant weapon {!r}
 s - 2 scrolls of fog {!r}
 x - 4 scrolls of fear {!r}
 y - 2 scrolls of vulnerability {!r}
 B - a scroll of blinking {!r}
 C - 3 scrolls of amnesia {!r}
 F - a scroll of magic mapping {!r}
 J - a scroll of torment {!r}
Potions
 d - 7 potions of might {!q}
 g - a potion of magic {!q}
 h - a potion of heal wounds {!q}
 i - a potion of berserk rage {!q}
 j - 2 potions of agility {!q}
 l - 12 potions of curing {!q}
 o - a potion of haste {!q}
 q - 2 potions of mutation {!q}
 r - 2 potions of cancellation {!q}
 t - 2 potions of flight {!q}
 v - a potion of ambrosia {!q}
 z - 2 potions of brilliance {!q}
 A - 2 potions of lignification {!q}
Comestibles
 f - 20 rations


   Skills:
 + Level 8.6 Fighting
 - Level 8.0 Short Blades
 * Level 10.0 Armour
 + Level 12.6 Dodging
 - Level 8.0 Stealth
 - Level 7.2 Shields
 + Level 8.5 Evocations


You had 6 spell levels left.
You knew the following spells:

 Your Spells              Type           Power        Failure   Level  Hunger
a - Spectral Weapon       Hex/Chrm       #.......     98%         3    ####...
r - Regeneration          Chrm/Necr      #.........   98%         3    ####...

Your spell library contained the following spells:

 Spells                   Type           Power        Failure   Level  Hunger
 Lightning Bolt           Conj/Air       #.........   100%        5    ######.
 Bolt of Magma            Conj/Fire/Erth #.........   100%        5    ######.
 Confuse                  Hex            #.......     98%         3    ####...
 Throw Frost              Conj/Ice       #.....       89%         2    ###....
 Animate Dead             Necr           N/A          100%        4    #####..
 Pain                     Necr           #...         78%         1    ##.....
 Animate Skeleton         Necr           N/A          78%         1    ##.....
 Vampiric Draining        Necr           #.........   98%         3    ####...
 Freeze                   Ice            #...         78%         1    ##.....
 Summon Ice Beast         Ice/Summ       #.......     100%        4    #####..
 Ozocubu's Armour         Chrm/Ice       #.......     98%         3    ####...
 Tukima's Dance           Hex            #.......     98%         3    ####...
 Iron Shot                Conj/Erth      #.........   100%        6    #######
 Shock                    Conj/Air       #...         78%         1    ##.....
 Swiftness                Chrm/Air       #.......     89%         2    ###....
 Statue Form              Tmut/Erth      #........    100%        6    #######
 Throw Icicle             Conj/Ice       #.......     100%        4    #####..
 Airstrike                Air            #.........   100%        4    #####..
 Ensorcelled Hibernation  Hex/Ice        #.....       89%         2    ###....
 Shatter                  Erth           #.........   100%        9    #######
 Static Discharge         Conj/Air       #.......     98%         3    ####...
 Corona                   Hex            #......      78%         1    ##.....
 Leda's Liquefaction      Hex/Erth       #.........   100%        4    #####..
 Shroud of Golubria       Chrm/Tloc      #.........   89%         2    ###....
 Dazzling Spray           Conj/Hex       #.....       98%         3    ####...
 Infusion                 Chrm           #...         78%         1    ##.....
 Song of Slaying          Chrm           #.......     89%         2    ###....


Dungeon Overview and Level Annotations

Branches:
Dungeon (14/15)            Temple (1/1) D:6            Lair (0/6) D:9
    Orc (2/2) D:12            Elf (0/3) Orc:2
 Vaults: D:13-14

Altars:
Ashenzari
Cheibriados
Dithmenos
Elyvilon
Fedhas
Gozag
Hepliaklqana
Kikubaaqudgha
Makhleb
Nemelex Xobeh
Okawaru
Qazlal
Ru
Sif Muna
Trog
Uskayaw
Vehumet
Wu Jian
Xom
Yredelemnul
Zin
The Shining One
Beogh

Shops:
D:9 *   D:11 [   D:12 *   Orc:2 %!:[

Annotations:
D:13 1 runed door, Turgon's ghost, journeyman TrFi


Innate Abilities, Weirdness & Mutations

You are very small and have problems with some larger weapons.
You are too small for most types of armour.
You have supernaturally acute eyesight. (SInv)
You are a herbivore.
You cover ground extremely quickly.
You need to consume almost no food.
You have a pair of small horns on your head.
Your spells are a little easier to cast, but a little less powerful.


Message History

You barely miss the kobold demonologist.
The kobold demonologist is heavily wounded.
The chaos spawn closely misses you. You block the shadow imp's attack.
The iron imp completely misses you.
You hit the kobold demonologist but do no damage.
You drain the kobold demonologist! You headbutt the kobold demonologist.
The kobold demonologist is severely wounded.
You block the kobold demonologist's attack.
The rust devil barely misses you. The chaos spawn barely misses you.
You hit the kobold demonologist. You drain the kobold demonologist!
The kobold demonologist is almost dead.
The shadow imp hits you but does no damage.
You block the kobold demonologist's attack.
The rust devil hits you. The rust devil corrodes you!
You closely miss the kobold demonologist.
The kobold demonologist is almost dead.
You block the iron imp's attack.
The chaos spawn ululates chillingly with its many mouths.
You block the chaos spawn's attack.
You hit the kobold demonologist but do no damage.
You drain the kobold demonologist!
The kobold demonologist is almost dead.
The shadow imp gestures at you. You resist with almost no effort.
The kobold demonologist looks braver for a moment.
The rust devil hits you. The rust devil corrodes you!
You barely miss the kobold demonologist.
The kobold demonologist is almost dead.
The iron imp disappears in a puff of smoke!
You block the chaos spawn's attack. The shadow imp gestures at you.
Pain shoots through your body!
You hit the kobold demonologist but do no damage.
The kobold demonologist is almost dead.
The white imp disappears in a puff of smoke!
You block the kobold demonologist's attack.
The rust devil hits you! The rust devil corrodes you! The chaos spawn hits you.
You closely miss the kobold demonologist.
You headbutt the kobold demonologist, but do no damage.
The kobold demonologist is almost dead.
The shadow imp misses you.
The kobold demonologist casts a cantrip, but nothing happens.
The rust devil hits you. The rust devil corrodes you!
You closely miss the kobold demonologist.
The kobold demonologist is almost dead.
The chaos spawn hits you. The chaos spawn freezes you!
* * * LOW HITPOINT WARNING * * *
You hit the kobold demonologist but do no damage.
The kobold demonologist is almost dead.
The shadow imp disappears in a puff of smoke!
The chaos spawn closely misses you.
You closely miss the kobold demonologist.
The kobold demonologist is almost dead.
The kobold demonologist barely misses you.
The rust devil hits you.
* * * LOW HITPOINT WARNING * * *
The rust devil corrodes you! The chaos spawn barely misses you.
You closely miss the kobold demonologist.
The kobold demonologist is almost dead.
The chaos spawn hits you!
* * * LOW HITPOINT WARNING * * *
You are engulfed in flames!
You die...
Your body crumbles into a pile of gold.

#.#.≈.#.....
#.#.≈.#.....
#.#$((#.....
#.#####..... ###
#...##
################...##
#....................
#....4...............
#...@4...............
#....K...............
###+##....##.......##
###'###.......##
#.............##
#.............##
#.............##
#.............##
#.............##


You could see a rust devil, a kobold demonologist and a chaos spawn.

Vanquished Creatures
  An orc warlord (Orc:1)
  Josephine (Orc:2)
  A hydra (D:13)
  A centaur warrior (Orc:2)
  Erica (D:9)
  3 two-headed ogres
  An unseen horror (D:10)
  2 orc knights
  A cyclops (Orc:1)
  An orc sorcerer (Orc:2)
  2 gargoyles
  A kobold demonologist (D:9)
  4 trolls
  A queen bee (D:12)
  2 hippogriffs
  A meliai zombie (D:13)
  5 wraiths (Orc:1)
  A shadow (D:12)
  14 yaks
  A tarantella (shapeshifter) (D:13)
  3 wyverns (D:9)
  3 basilisks
  2 hungry ghosts
  4 vampire mosquitoes (D:12)
  7 wargs
  2 acid dragons
  2 water moccasins
  Duvessa (D:7)
  35 orc warriors
  A swamp drake (D:9)
  2 black bears
  2 sky beasts
  9 ogres
  A phantom (D:5)
  A necrophage (D:12)
  16 centaurs
  A crocodile (D:10)
  An elf zombie (Ossuary)
  12 big kobolds (D:9)
  10 bullfrogs
  A wyvern zombie (D:13)
  Dowan (D:7)
  A wyvern skeleton (D:12)
  A scorpion (D:9)
  37 killer bees
  2 howler monkeys
  8 jellies
  6 crimson imps
  6 bullfrog zombies
  5 hounds
  6 centaur zombies
  A human zombie (Ossuary)
  4 centaur skeletons
  5 bullfrog skeletons
  10 orc priests
  24 orc wizards
  Jessica (D:3)
  A gnoll shaman (D:8)
  6 iguanas
  Ijyb (D:2)
  9 worker ants
  A big kobold zombie (Ossuary)
  2 hound zombies
  2 mummies (Ossuary)
  2 howler monkey zombies (D:6)
  6 worker ant zombies
  9 gnolls
  12 adders
  A howler monkey skeleton (D:11)
  3 shadow imps
  6 oozes
  4 adder zombies
  2 adder skeletons (D:6)
  2 worms
  3 leopard geckos
  97 orcs
  4 giant cockroaches
  7 goblins
  13 hobgoblins
  15 jackals
  5 quokkas
  4 ball pythons
  5 bats
  10 frilled lizards
  A goblin zombie (Ossuary)
  7 hobgoblin zombies (Ossuary)
  2 jackal zombies
  14 kobolds
  6 kobold zombies (Ossuary)
  A leopard gecko skeleton (D:6)
  3 leopard gecko zombies
  12 orc zombies (Ossuary)
  3 quokka skeletons (D:6)
  A quokka zombie (D:6)
  10 rats
  4 rat zombies (Ossuary)
575 creatures vanquished.

Vanquished Creatures (collateral kills)
  A death knight (D:13)
  3 freezing wraiths
  A wraith (D:13)
5 creatures vanquished.

Vanquished Creatures (others)
  Nessos (D:14)
  4 orc warriors
  3 centaurs
  An orc wizard (Orc:1)
  A shadow imp (D:11)
  3 orcs (Orc:2)
  A withered plant (D:6)
14 creatures vanquished.

Grand Total: 594 creatures vanquished

Notes
Turn   | Place    | Note
-------+----------+-------------------------------------------
     0 | D:1      | Amnesiac the Spriggan Fighter began the quest for the Orb.
     0 | D:1      | Reached XP level 1. HP: 11/11 MP: 2/2
    37 | D:1      | Reached skill level 1 in Stealth
   287 | D:1      | Reached XP level 2. HP: 10/16 MP: 3/3
   660 | D:3      | Noticed Jessica
   663 | D:3      | Found a bloodstained altar of Trog.
   678 | D:3      | Reached XP level 3. HP: 18/19 MP: 4/4
   769 | D:3      | Killed Jessica
   865 | D:4      | Found a white marble altar of Elyvilon.
   909 | D:4      | Reached XP level 4. HP: 23/23 MP: 5/5
  1451 | D:4      | Found a sand-covered staircase.
  1457 | Ossuary  | Entered an ossuary
  1519 | Ossuary  | Reached XP level 5. HP: 27/27 MP: 6/6
  1957 | Ossuary  | Reached skill level 5 in Short Blades
  1957 | Ossuary  | Reached skill level 5 in Stealth
  2011 | Ossuary  | Reached skill level 1 in Armour
  2284 | Ossuary  | Reached XP level 6. HP: 25/32 MP: 7/7
  2680 | D:5      | Entered Level 5 of the Dungeon
  2874 | D:5      | Found a runed door.
  2911 | D:5      | Noticed a sky beast
  2921 | D:5      | Noticed a hungry ghost
  3162 | D:6      | Found a radiant altar of Vehumet.
  3377 | D:6      | Found a staircase to the Ecumenical Temple.
  3383 | Temple   | Entered the Ecumenical Temple
  3435 | Temple   | Became a worshipper of Gozag Ym Sagoz the Greedy
  3682 | D:1      | Reached XP level 7. HP: 34/35 MP: 8/8
  4299 | D:2      | Found an iron altar of Okawaru.
  4895 | D:2      | Found a hazy altar of Hepliaklqana.
  5078 | D:3      | Found a burning altar of Makhleb.
  5099 | D:3      | Found a faded altar of an unknown god.
  5269 | D:3      | Noticed Ijyb
  6229 | D:5      | Killed a hungry ghost
  6587 | D:5      | Reached XP level 8. HP: 39/39 MP: 9/9
  6671 | D:5      | Reached skill level 1 in Evocations
  7350 | D:4      | HP: 1/39 [poisoned by an orc]
  7694 | D:5      | Found a roughly hewn altar of Beogh.
  7876 | D:6      | Reached skill level 5 in Evocations
  8401 | D:6      | Reached XP level 9. HP: 41/43 MP: 15/15
  8805 | D:7      | Found a blossoming altar of Fedhas.
  8938 | D:7      | Found a sparkling altar of Nemelex Xobeh.
  9496 | D:7      | Reached skill level 5 in Shields
  9625 | D:7      | Noticed Dowan
  9626 | D:7      | Noticed Duvessa
  9664 | D:7      | Killed Duvessa
  9678 | D:7      | Killed Dowan
  9832 | D:7      | Found a blossoming altar of Fedhas.
 10093 | D:2      | Killed Ijyb
 11103 | D:8      | You fall through a shaft for 3 floors!
 11126 | D:10     | Entered Level 10 of the Dungeon
 11126 | D:10     | Noticed a two-headed ogre
 11179 | D:10     | Killed a two-headed ogre
 11179 | D:10     | Reached skill level 5 in Dodging
 11179 | D:10     | Reached XP level 10. HP: 23/47 MP: 17/17
 11362 | D:9      | Reached skill level 6 in Dodging
 11438 | D:9      | Reached skill level 7 in Dodging
 11516 | D:9      | Reached skill level 8 in Dodging
 11617 | D:9      | Noticed Erica
 11634 | D:9      | Killed Erica
 11813 | D:9      | Reached skill level 5 in Armour
 12039 | D:9      | Found Goceett's Assorted Antiques.
 12047 | D:9      | Bought a silvery potion for 27 gold pieces
 12047 | D:9      | Bought a thin emerald amulet for 150 gold pieces
 12048 | D:9      | Bought a glowing dagger for 150 gold pieces
 13609 | D:9      | Reached XP level 11. HP: 42/52 MP: 18/18
 13847 | D:9      | Found a staircase to the Lair.
 14121 | D:10     | Found a shattered altar of Ashenzari.
 14701 | D:10     | Learned a level 3 spell: Regeneration
 14705 | D:10     | Learned a level 3 spell: Spectral Weapon
 14776 | D:12     | Reached skill level 5 in Fighting
 14835 | D:12     | Found Fiyng's General Store.
 14934 | D:12     | Found a staircase to the Orcish Mines.
 15251 | D:11     | Noticed a two-headed ogre
 15267 | D:10     | Gained mutation: Your spells are a little easier to cast, but a little less powerful. [potion of mutation]
 15267 | D:10     | Gained mutation: You have a pair of small horns on your head. [potion of mutation]
 15802 | D:11     | Noticed an unseen horror
 16137 | D:10     | Killed an unseen horror
 16564 | D:10     | Killed a two-headed ogre
 16564 | D:10     | Reached skill level 9 in Dodging
 17371 | D:11     | Noticed a two-headed ogre
 17392 | D:11     | Killed a two-headed ogre
 17529 | D:11     | Found Atylaf's Antique Armour Shop.
 18341 | D:12     | Reached XP level 12. HP: 48/63 MP: 19/19
 18372 | D:12     | Reached skill level 10 in Dodging
 18846 | Orc:1    | Entered Level 1 of the Orcish Mines
 21477 | Orc:2    | Entered Level 2 of the Orcish Mines
 21506 | Orc:2    | Noticed Josephine
 22111 | Orc:2    | Killed Josephine
 22111 | Orc:2    | Reached skill level 11 in Dodging
 22575 | Orc:1    | Noticed an orc warlord
 23103 | Orc:1    | Killed an orc warlord
 23420 | Orc:2    | Noticed a centaur warrior
 23448 | Orc:2    | Killed a centaur warrior
 24449 | Orc:1    | Reached skill level 12 in Dodging
 24814 | Orc:2    | Found a staircase to the Elven Halls.
 24973 | Orc:2    | Reached XP level 13. HP: 64/69 MP: 20/20
 25044 | Orc:2    | Found Ilokhoni's Book Shop.
 25044 | Orc:2    | Found Loyroledgh's Distillery.
 25046 | Orc:2    | Found Cifaythu's Food Shoppe.
 25048 | Orc:2    | Found Maculeh's Antique Armour Boutique.
 25053 | Orc:2    | Bought a potion of heal wounds for 55 gold pieces
 25060 | Orc:2    | Bought an embroidered hat for 245 gold pieces
 26614 | D:13     | Noticed Nessos
 26675 | D:14     | Your ally died
 26937 | D:13     | Reached skill level 10 in Armour
 27114 | D:13     | Found a runed door.
 27119 | D:13     | Noticed Turgon's ghost (journeyman TrFi)
 27309 | D:13     | Slain by a chaos spawn

Vault maps used:
D:1:      eino_arrival_druids_welcome
D:2:      lemuel_coloured_pillars_altar, first_ration, okawaru_gym_becter
D:3:      lemuel_doored_altar, overflow_temple_1_default,
          chequers_ecumenical_altar_simple, uniq_jessica, uniq_ijyb
D:4:      lemuel_round_altar, nicolae_ossuary_entry_plus
D:5:      lightli_church_of_beogh
D:6:      overflow_temple_1_default, minmay_temple_entry_hall, serial_undead,
          serial_undead_f, serial_undead_d, serial_undead_d, serial_undead_f,
          serial_undead_c, serial_undead_b, serial_undead_d, serial_undead_f,
          serial_undead_c, serial_undead_e, hangedman_abyss_or_decor_passed
D:7:      kennysheep_mini, nemelex_xobeh_ov_fountains_minmay,
          fedhas_altar_fruit_tree, uniq_duvessa
D:8:      hangedman_little_slice_of_home
D:9:      erik_lair_dragon, serial_shops, nicolae_shop_crystal, special_room,
          uniq_erica
D:10:     nicolae_ashenzari_panopticon
D:11:     serial_shops, nicolae_shop_crystal
D:12:     david_orc_1_choice, serial_shops, shop,
          hangedman_abyss_or_decor_stagger
D:13:     david_vaults_4, ebering_ghost_reflecting_pool, uniq_nessos
D:14:     serial_shops, shop, minmay_misc_feat_secret_circle, minmay_evil_grid
Temple:   minmay_freezing_vapour_temple
Orc:1:    special_room
Orc:2:    st_orc_rangers, uniq_josephine
Ossuary:  ossuary_tomb_1

Skill      XL: |  1  2  3  4  5  6  7  8  9 10 11 12 13 |
---------------+----------------------------------------+-----
Stealth        | 2 3 4 5 6 7 8 |  8.0
Short Blades   | 3 4 5 6 7 8 |  8.0
Armour         | 1 2 6 7 9 10 | 10.0
Evocations     | 7 8 |  8.5
Shields        | 3 7 |  7.2
Dodging        | 5 8 9 12 | 12.6
Fighting       | 3 7 8 |  8.6

Action                   |  1- 3 |  4- 6 |  7- 9 | 10-12 | 13-15 || total
-------------------------+-------+-------+-------+-------+-------++-------
Melee: Rapier            |    78 |     6 |       |       |       ||    84
       Dagger            |    18 |   505 |  1357 |  2731 |   405 ||  5016
       Headbutt          |       |       |       |   444 |   107 ||   551
Evoke: Wand              |       |       |    15 |     6 |     8 ||    29
  Use: Scroll            |       |     8 |     7 |    11 |       ||    26
       Potion            |       |       |     1 |     8 |       ||     9
 Stab: Sleeping          |     6 |     4 |       |       |       ||    10
       Distracted        |     1 |       |     3 |    11 |     1 ||    16
       Invisible         |       |       |       |     1 |       ||     1
  Eat: Ration            |       |     2 |     7 |     8 |     2 ||    19
Armor: Robe              |     7 |     3 |       |       |       ||    10
       Storm dragon scal |       |    98 |   294 |   467 |    72 ||   931
Dodge: Dodged            |    57 |   134 |   380 |  1208 |   193 ||  1972
Block: Buckler           |    21 |   110 |   311 |  1118 |   177 ||  1737
       Reflection        |       |       |       |    64 |     5 ||    69

Table legend:
 A = Spawn XP
 B = Non-spawn XP
 C = Spawn XP percentage of total XP
 D = Spawn monster count
 E = Non-spawn monster count
 F = Spawn count percentage of total count
 G = Total turns spent on level
                    A         B        C        D         E        F      G
               +---------+---------+-------+---------+---------+-------+---------
         Total |       0 |   45327 |   0.0 |       0 |     592 |   0.0 | 27309
               +---------+---------+-------+---------+---------+-------+---------
           D:1 |       0 |      59 |   0.0 |       0 |      29 |   0.0 |  1147
           D:2 |       0 |      78 |   0.0 |       0 |      23 |   0.0 |  1175
           D:3 |       0 |     144 |   0.0 |       0 |      26 |   0.0 |  1306
           D:4 |       0 |     373 |   0.0 |       0 |      14 |   0.0 |  1395
           D:5 |       0 |    1127 |   0.0 |       0 |      49 |   0.0 |  1947
           D:6 |       0 |    1157 |   0.0 |       0 |      40 |   0.0 |  1503
           D:7 |       0 |    1204 |   0.0 |       0 |      28 |   0.0 |  1344
           D:8 |       0 |    1735 |   0.0 |       0 |      44 |   0.0 |  1598
           D:9 |       0 |    4892 |   0.0 |       0 |      51 |   0.0 |  1469
          D:10 |       0 |    5351 |   0.0 |       0 |      29 |   0.0 |  2870
          D:11 |       0 |    2549 |   0.0 |       0 |      20 |   0.0 |   714
          D:12 |       0 |    7545 |   0.0 |       0 |      68 |   0.0 |  4010
          D:13 |       0 |    4795 |   0.0 |       0 |      23 |   0.0 |  1296
          D:14 |       0 |     607 |   0.0 |       0 |       2 |   0.0 |   322
         Orc:1 |       0 |    6280 |   0.0 |       0 |      44 |   0.0 |  2543
         Orc:2 |       0 |    7147 |   0.0 |       0 |      64 |   0.0 |  1751
       Ossuary |       0 |     284 |   0.0 |       0 |      38 |   0.0 |   861
               +---------+---------+-------+---------+---------+-------+---------
